 Dungeon Crawl Stone Soup version 0.29-a0-90-gc37658a0fe (webtiles) character file.

Game seed: 9135456060161186415

330 lordive the Chucker (level 6, 0/57 HPs)
             Began as a Troll Hunter on Feb 7, 2022.
             Slain by an orc (1 damage)
             ... on level 3 of the Dungeon.
             The game lasted 00:02:41 (1950 turns).

lordive the Chucker (Troll Hunter)                  Turns: 1950, Time: 00:02:42

Health: 0/57       AC:  5    Str: 21    XL:     6   Next: 26%
Magic:  5/5        EV: 10    Int:  9    God:
Gold:   119        SH:  0    Dex: 10    Spells: 5/5 levels left

rFire   . . .      SeeInvis .     - Unarmed
rCold   . . .      Faith    .   (no shield)
rNeg    . . .      Spirit   .   b - +0 robe
rPois   .          Reflect  .   (helmet restricted)
rElec   .          Harm     .   k - +0 cloak
rCorr   .          Rampage  .   (gloves unavailable)
Will    .....                   (boots unavailable)
Stlth   +.........              (no amulet)
HPRegen 0.99/turn               (no ring)
MPRegen 0.09/turn               (no ring)

@: lethally poisoned (0 -> -25), hasted, very quick
A: large, unfitting armour, claws 3, regeneration 1, shaggy fur 1, tough skin 1
a: no special abilities


You were on level 3 of the Dungeon.
You visited 1 branch of the dungeon, and saw 3 of its levels.

You collected 119 gold pieces.

Inventory:

Missiles
 c - 5 large rocks (quivered)
 d - 2 throwing nets
Armour
 b - a +0 robe (worn)
 k - a +0 cloak (worn)
Scrolls
 f - 2 scrolls of magic mapping {unknown}
 g - 2 scrolls of torment {unknown}
 h - 2 scrolls of identify {unknown}
 i - a scroll of teleportation {unknown}
 m - a scroll of immolation {unknown}
Potions
 e - a potion of curing {unknown}
 j - a potion of brilliance {unknown}
 l - 2 potions of flight {unknown}


   Skills:
 + Level 2.1 Fighting
 + Level 4.3 Throwing
 + Level 2.6 Dodging
 + Level 1.2 Stealth
 + Level 4.2 Unarmed Combat


You had 5 spell levels left.
You didn't know any spells.
Your spell library was empty.

Dungeon Overview and Level Annotations

Branches:
Dungeon (3/15)

Altars:

Shops:
D:3 ?


Innate Abilities, Weirdness & Mutations

You are too large for most types of armour.
You have claws for hands.
Your natural rate of healing is unusually fast.
You are covered in fur. (AC +1)
You have tough skin. (AC +1)


Message History

The orc barely misses you.
The orc wizard hits you with a +1 dagger of venom.
You are more poisoned.
The orc hits you but does no damage.
Unknown command.
You closely miss the orc wizard.
The orc wizard is severely wounded.
You feel very sick. The orc hits you with a +0 club.
The orc wizard hits you with a +1 dagger of venom.
You are more poisoned.
The orc misses you.
You closely miss the orc wizard.
The orc wizard is severely wounded.
You feel very sick. The orc hits you with a +0 club.
The orc wizard hits you but does no damage.
You are more poisoned.
Unknown command.
You closely miss the orc wizard.
The orc wizard is severely wounded.
You feel extremely sick. The orc closely misses you. x2
The orc wizard hits you but does no damage.
You are lethally poisoned!
Unknown command.
You barely miss the orc wizard. Your claw misses the orc wizard.
The orc wizard is severely wounded.
* * * LOW HITPOINT WARNING * * *
You feel extremely sick. The orc hits you but does no damage.
The orc hits you with a +0 club.
* * * LOW HITPOINT WARNING * * *
The orc wizard hits you with a +1 dagger of venom.
* * * LOW HITPOINT WARNING * * *
You are more poisoned.
It was a potion of haste.
You feel yourself speed up.
* * * LOW HITPOINT WARNING * * *
You feel extremely sick. The orc hits you with a +0 hand axe.
You die...

....#...#........## #...#.....#
....##.##.........#######.#.....#
....##....###.........###.......#
#+#.####### ##....###.....##....#
.# #....# #.###.#...###
#....###.....(†..#
######...........#
######.#.........###
#.o@...†.###.....##.
#.oo........####.##.
............##.#.....#.
#.................#####.
#.......####............
#####.........∩...#####.
#...................
#........########### .......#


You could see an orc wizard and 2 orcs.

Vanquished Creatures
  Sigmund (D:2)
  Crazy Yiuf (D:2)
  Robin (D:2)
  A gnoll (D:1)
  5 adders
  3 worms (D:2)
  An orc (D:3)
  7 endoplasms
  2 giant cockroaches (D:2)
  4 hobgoblins
  2 jackals (D:1)
  6 quokkas
  6 ball pythons
  3 bats
  3 frilled lizards
  9 goblins
  5 kobolds
  10 rats
70 creatures vanquished.

Vanquished Creatures (others)
  A fungus (D:1)
1 creature vanquished.

Grand Total: 71 creatures vanquished

Notes
Turn   | Place    | Note
-------+----------+-------------------------------------------
     0 | D:1      | lordive the Troll Hunter began the quest for the Orb.
     0 | D:1      | Reached XP level 1. HP: 19/19 MP: 0/0
   109 | D:1      | Reached XP level 2. HP: 28/28 MP: 1/1
   280 | D:1      | Found a faded altar of an unknown god.
   348 | D:1      | Reached skill level 1 in Unarmed Combat
   407 | D:1      | Reached XP level 3. HP: 31/35 MP: 2/2
   782 | D:2      | Reached XP level 4. HP: 42/42 MP: 3/3
   970 | D:2      | Noticed Robin
   988 | D:2      | Killed Robin
  1046 | D:2      | Reached skill level 1 in Stealth
  1148 | D:2      | Found a runed translucent door.
  1149 | D:2      | Noticed Crazy Yiuf
  1399 | D:2      | Noticed Sigmund
  1410 | D:2      | Killed Sigmund
  1411 | D:2      | Reached XP level 5. HP: 49/49 MP: 4/4
  1411 | D:2      | Reached XP level 6. HP: 57/57 MP: 5/5
  1632 | D:2      | Killed Crazy Yiuf
  1740 | D:3      | Found Duretzail's Magic Scroll Shoppe.
  1950 | D:3      | HP: 1/57 [poisoned by an orc wizard]
  1950 | D:3      | Slain by an orc

Illustrated notes

Levels and vault maps discovered:
D:1:      dpeg_arrival_round_b, layout_basic, dreamdust_ecumenical_altar_grove
D:2:      layout_loops_ring, nicolae_figureground_pulse, uniq_sigmund,
          uniq_robin, uniq_crazy_yiuf_cottage
D:3:      layout_basic, serial_shops, shop, grunt_decor_arrowhead

Skill      XL: |  1  2  3  4  5  6 |
---------------+-------------------+-----
Throwing       | 4 |  4.3
Unarmed Combat | 1 3 4 |  4.2
Dodging        | 2 |  2.6
Fighting       | 2 |  2.1
Stealth        | 1 |  1.2

Action                   |  1- 3 |  4- 6 || total
-------------------------+-------+-------++-------
Melee: Unarmed           |   109 |   116 ||   225
       Punch             |     1 |     1 ||     2
  Use: Potion            |       |     1 ||     1
 Stab: Sleeping          |     2 |       ||     2
Armor: Robe              |    32 |    27 ||    59
Dodge: Dodged            |    44 |    45 ||    89

Table legend: (Time is in decaauts)
 A = Elapsed time spent in this place.
 B = Non-inter-level travel time spent in this place.
 C = Inter-level travel time spent in this place.
 D = Time resting spent in this place.
 E = Time spent auto-exploring this place.
 F = Levels seen in this place.
 G = Mean time per level.
                   A        B        C        D        E       F      G
               +--------+--------+--------+--------+--------+-----+--------+
         Total |   1942 |   1879 |     63 |      0 |   1466 |   3 |  647.3 |
       Dungeon |   1942 |   1879 |     63 |      0 |   1466 |   3 |  647.3 |
               +--------+--------+--------+--------+--------+-----+--------+

Top non-repeatable levels by time:
     D:2: 1107 daAuts
     D:1: 564 daAuts
     D:3: 270 daAuts
